 Dungeon Crawl Stone Soup version 0.23.2-40-g277498a001 (webtiles) character file.

Game seed: 17262166662079883481

680 H0rd4k the Cutter (level 7, -3/51 HPs)
             Began as a Human Artificer on Aug 28, 2019.
             Killed by divine providence
             ... invoked by an orc priest
              (14 damage)
             ... on level 4 of the Dungeon.
             The game lasted 00:09:12 (4870 turns).

H0rd4k the Cutter (Human Artificer)                 Turns: 4870, Time: 00:09:13

Health: -3/51      AC:  6    Str: 14    XL:     7   Next: 92%
Magic:  10/10      EV: 13    Int: 11    God:
Gold:   202        SH:  0    Dex: 14    Spells: 6/6 levels left

rFire    + + .     SeeInvis .   a - +0 short sword
rCold    + . .     Gourm    .   (no shield)
rNeg     . . .     Faith    +   A - +2 leather armour {MR+}
rPois    +         Spirit   .   (no helmet)
rElec    .         Reflect  .   k - scarf {rC+ rF+}
rCorr    .         Harm     .   h - +0 pair of gloves
MR       +....                  (no boots)
Stlth    ++........             z - amulet of faith
HPRegen  0.17/turn              y - ring of protection from fire
MPRegen  0.12/turn              u - ring of poison resistance

@: no status effects
A: no striking features
a: no special abilities


You were on level 4 of the Dungeon.
You were not hungry.

You visited 1 branch of the dungeon, and saw 4 of its levels.

You collected 202 gold pieces.

Inventory:

Hand Weapons
 a - a +0 short sword (weapon)
Missiles
 c - 4 tomahawks (quivered)
Armour
 h - a +0 pair of gloves (worn)
 k - a scarf of resistance (worn)
 A - a +2 leather armour of magic resistance (worn)
Jewellery
 u - a ring of poison resistance (right hand)
 y - a ring of protection from fire (left hand)
 z - an amulet of faith (around neck)
Wands
 d - a wand of enslavement (13)
 e - a wand of random effects (7)
 t - a wand of iceblast (2)
Scrolls
 b - a scroll of fear {unknown}
 j - 8 scrolls of identify {unknown}
 l - 3 scrolls of remove curse {unknown}
 n - 4 scrolls of enchant weapon {unknown}
 s - a scroll of blinking {unknown}
 x - a scroll of teleportation {unknown}
Potions
 g - a potion of heal wounds {unknown}
 i - a potion of haste {unknown}
 m - a potion of degeneration {unknown}
 o - a potion of flight {unknown}
 p - a potion of agility {unknown}
 q - 2 potions of lignification {unknown}
 r - a potion of brilliance {unknown}
 v - a potion of curing {unknown}
 w - 2 potions of might {unknown}
Comestibles
 f - 8 rations


   Skills:
 + Level 2.6 Fighting
 + Level 4.7 Short Blades
 + Level 3.0 Armour
 + Level 3.8 Dodging
 + Level 1.7 Stealth
 + Level 4.3 Evocations


You had 6 spell levels left.
You didn't know any spells.
Your spell library was empty.

Dungeon Overview and Level Annotations

Branches:
Dungeon (4/15)
 Temple: D:4-7

Altars:
Kikubaaqudgha
Ru
Yredelemnul

Annotations:
D:2 exclusion: downstairs
D:3 1 runed translucent door, Crazy Yiuf


Message History

The orc priest hits you but does no damage.
You hit the orc priest.
The orc priest is heavily wounded.
The orc priest calls down the wrath of Beogh upon you.
Beogh smites you!
* * * LOW HITPOINT WARNING * * *
You hear a shout! x2
You hit the orc priest.
The orc priest is heavily wounded.
The orc priest closely misses you.
You hit the orc priest but do no damage.
The orc priest is heavily wounded.
The orc priest closely misses you.
Evoke which item? (* to show all) (? for menu, Esc to quit)
Okay, then.
You hit the orc priest.
The orc priest is severely wounded.
The orc priest calls down the wrath of Beogh upon you.
Beogh smites you!
You die...

.)#####.##.......##.....(..#####.
(.# #..#.#####.##..............
..# ##.#.##.##.##.......######.
..######.#[oo.#<.....##'#### #.
..#.......###.##...#.##....# ##
..#.....#.###....#.#..####.#
###..........###o#.......#.# #
####.......# #o####....#.# #
#.......# #@...#..(.#.# #.......#
#.##.#......# #.......#
#.##.#....### ######.##
#.##......# #..# #.######### ##.#
#.# #.# #.# #.# #.# #.# #.#


You could see an orc priest and an orc.

Vanquished Creatures
  Sigmund (D:3)
  An ogre (D:4)
  3 vampire bats (D:3)
  An orc priest (D:3)
  An orc wizard (D:3)
  Natasha (thrice) (D:3)
  9 adders
  3 dart slugs (D:1)
  A leopard gecko (D:1)
  10 orcs
  5 ball pythons
  2 bat skeletons (D:3)
  4 bat zombies (D:3)
  7 giant cockroaches
  9 goblins
  9 hobgoblins
  2 jackals (D:3)
  4 quokkas
  7 bats
  9 frilled lizards
  10 kobolds
  A leopard gecko skeleton (D:4)
  6 rats
108 creatures vanquished.

Vanquished Creatures (others)
  2 adders (D:3)
2 creatures vanquished.

Grand Total: 110 creatures vanquished

Notes
Turn   | Place    | Note
-------+----------+-------------------------------------------
     0 | D:1      | H0rd4k the Human Artificer began the quest for the Orb.
     0 | D:1      | Reached XP level 1. HP: 15/15 MP: 3/3
   106 | D:1      | Reached XP level 2. HP: 14/21 MP: 4/4
   266 | D:1      | Reached XP level 3. HP: 9/26 MP: 5/5
  1500 | D:2      | Reached XP level 4. HP: 14/32 MP: 6/6
  1932 | D:2      | Found a basalt altar of Yredelemnul.
  1974 | D:2      | Reached skill level 1 in Armour
  2499 | D:3      | Noticed Sigmund
  2553 | D:3      | Reached XP level 5. HP: 31/37 MP: 7/7
  2643 | D:3      | Found an ancient bone altar of Kikubaaqudgha.
  2677 | D:3      | Reached XP level 6. HP: 13/43 MP: 9/9
  2867 | D:3      | Noticed Natasha
  2937 | D:4      | Noticed an ogre
  2943 | D:4      | Killed an ogre
  3739 | D:3      | Found a sacrificial altar of Ru.
  3950 | D:3      | Killed Natasha
  3950 | D:3      | Reached XP level 7. HP: 34/49 MP: 10/10
  4052 | D:3      | Noticed Natasha
  4070 | D:3      | Killed Natasha
  4095 | D:3      | Noticed Natasha
  4098 | D:3      | Killed Natasha
  4482 | D:3      | Killed Sigmund
  4764 | D:3      | Found a runed translucent door.
  4765 | D:3      | Noticed Crazy Yiuf
  4870 | D:4      | Killed from afar by an orc priest

Skill      XL: |  1  2  3  4  5  6  7 |
---------------+----------------------+-----
Short Blades   | 2 3 4 |  4.7
Armour         | 1 2 3 |  3.0
Evocations     | 4 |  4.3
Dodging        | 3 |  3.8
Fighting       | 2 |  2.6
Stealth        | |  1.7

Action                   |  1- 3 |  4- 6 |  7- 9 || total
-------------------------+-------+-------+-------++-------
Melee: Short sword       |   190 |   221 |   127 ||   538
Evoke: Wand              |       |    24 |     6 ||    30
 Stab: Sleeping          |     2 |     2 |       ||     4
  Eat: Chunk             |     2 |     8 |     3 ||    13
Armor: Leather armour    |    59 |   115 |    33 ||   207
Dodge: Dodged            |   153 |   229 |    70 ||   452
